 Seeded DCSS version 0.28-a0-883-gc8d7bad45d (webtiles) character file.

Game seed: 20211121 (custom seed)

14 a11behringer the Chopper (level 2, 27/27 HPs)
             Began as a Hill Orc Cinder Acolyte on Nov 21, 2021.
             Was a High Priest of Ignis.
             Got out of the dungeon alive.
             The game lasted 00:02:41 (770 turns).

a11behringer the Chopper (Hill Orc Cinder Acolyte)   Turns: 770, Time: 00:02:42

Health: 27/27      AC:  3    Str: 16    XL:     2   Next: 41%
Magic:  3/3        EV: 11    Int: 14    God:    Ignis [*****.]
Gold:   4          SH:  0    Dex:  6    Spells: 1/3 levels left

rFire   + . .      SeeInvis .   a - -1 hand axe (flame)
rCold   . . .      Faith    .   (no shield)
rNeg    . . .      Spirit   .   d - +0 leather armour
rPois   .          Reflect  .   (no helmet)
rElec   .          Harm     .   (no cloak)
rCorr   .          Rampage  .   (no gloves)
Will    .....                   (no boots)
Stlth   +.........              (no amulet)
HPRegen 0.09/turn               (no ring)
MPRegen 0.08/turn               (no ring)

@: no status effects
A: no striking features
a: Renounce Religion, Sea of Fire, Foxfire Swarm, Rising Flame


You escaped.
You worshipped Ignis.
Ignis was extremely pleased with you.
You visited 1 branch of the dungeon, and saw 1 of its levels.

You collected 4 gold pieces.

Inventory:

Hand Weapons
 a - a -1 hand axe of flaming (weapon)
Missiles
 f - 22 arrows
 g - 19 bolts
Armour
 b - a +0 robe
 d - a +0 leather armour (worn)
Potions
 e - a potion of flight {unknown}
 i - a potion of magic


   Skills:
 + Level 3.8 Fighting
 * Level 4.7 Axes
 + Level 1.0 Spellcasting
 + Level 3.3 Fire Magic


You had one spell level left.
You knew the following spells:

 Your Spells              Type           Power      Damage    Failure   Level
a - Scorch                Fire           20%        2d6       12%         2

Your spell library contained the following spells:

 Spells                   Type           Power      Damage    Failure   Level


Dungeon Overview and Level Annotations

Branches:
Dungeon (1/15)

Altars:


Message History

You open the door.
There is an open door here.
A ball python comes into view.
Found a murky brown potion.
The ball python hisses angrily.
You barely miss the ball python. The ball python barely misses you.
The ball python misses you.
You barely miss the ball python. The ball python closely misses you.
The ball python barely misses you.
You hit the ball python. You burn the ball python.
You kill the ball python!
You see here a ball python corpse.
i - a murky brown potion
Found a leather armour.
A frilled lizard comes into view.
A frilled lizard is nearby!
The frilled lizard bites you.
You slash the frilled lizard! You burn the frilled lizard.
You kill the frilled lizard!
You see here a frilled lizard corpse.
You see here a ball python corpse.
Done exploring.
Done exploring.
As you read the scroll labelled COGGOYN QULISE, it crumbles to dust.
You assume a fearsome visage.
Nothing appears to happen.
It was a scroll of fear.
Unknown command.
As you read the scroll labelled OMPYTU HUTU, it crumbles to dust.
It is a scroll of identify.
i - a potion of magic Done exploring.
Done exploring.
Memorise Scorch, consuming 2 spell levels and leaving 1?
You start memorising the spell.
You continue memorising. x2
You finish memorising.
Spell assigned to 'a'.
Done exploring.
There is a staircase leading out of the dungeon here.
You can't go down here!
Are you sure you want to leave the Dungeon?
This will make you lose the game!
You have escaped!

########.######.######### #...
.........#####.....###### ####
##########...#.....#...## ....#
##.8.#.....#.8.## ....#
##...#.....#...## ....#
######..(..###### #####
#...............## #
#................# #
#.......@........######## #
#..................†....# #
#................######.#
##############.....#####.#....#.#
........##...#.....#...#.#.##.#.#
..).....##.8.#.....#.8.#.#.##.#.#
........##.?.#.....#...#.#.##.#.#
........######.....#####.#....#.#
.)......#########.######.####.#.#


There were no monsters in sight!

Vanquished Creatures
  2 endoplasms (D:1)
  A hobgoblin (D:1)
  A ball python (D:1)
  2 bats (D:1)
  2 frilled lizards (D:1)
  5 kobolds (D:1)
  A rat (D:1)
14 creatures vanquished.

Notes
Turn   | Place    | Note
-------+----------+-------------------------------------------
     0 | D:1      | a11behringer the Hill Orc Cinder Acolyte began the quest
                  | for the Orb.
     0 | D:1      | Reached XP level 1. HP: 19/19 MP: 2/2
   302 | D:1      | Reached XP level 2. HP: 27/27 MP: 3/3
   513 | D:1      | Found a faded altar of an unknown god.
   725 | D:1      | Learned a level 2 spell: Scorch
   770 | D:$      | Got out of the dungeon alive.

Illustrated notes

Levels and vault maps discovered:
D:1:      minmay_arrival_glassed_features, layout_basic,
          hellmonk_ecumenical_altar_leap_of_faith

Action                   || total
-------------------------++-------
Melee: Hand axe          ||    25
  Use: Scroll            ||     2
Armor: Leather armour    ||     5
Dodge: Dodged            ||    15

Table legend: (Time is in decaauts)
 A = Elapsed time spent in this place.
 B = Non-inter-level travel time spent in this place.
 C = Inter-level travel time spent in this place.
 D = Time resting spent in this place.
 E = Time spent auto-exploring this place.
 F = Levels seen in this place.
 G = Mean time per level.
                   A        B        C        D        E       F      G
               +--------+--------+--------+--------+--------+-----+--------+
         Total |    772 |    679 |     93 |      0 |    578 |   1 |  772.0 |
       Dungeon |    772 |    679 |     93 |      0 |    578 |   1 |  772.0 |
               +--------+--------+--------+--------+--------+-----+--------+

Top non-repeatable levels by time:
     D:1: 772 daAuts
